 Dungeon Crawl Stone Soup version 0.31-a0-174-g85c54bcb58 (webtiles) character file.

Game seed: 7591254812984352112

99 qw the Chopper (level 4, 0/28 HPs)
             Began as a Gargoyle Fighter on June 15, 2023.
             Killed by divine providence
             ... invoked by an orc priest
              (11 damage)
             ... on level 3 of the Dungeon.
             The game lasted 00:01:03 (2583 turns).

qw the Chopper (Gargoyle Fighter)                   Turns: 2583, Time: 00:01:04

Health: 0/28       AC: 11    Str: 21    XL:     4   Next: 72%
Magic:  4/4        EV:  9    Int:  9    God:
Gold:   122        SH:  4    Dex:  9    Spells: 3/3 levels left

rFire   . . .        Y - +0 war axe
rCold   . . .        c - +0 buckler
rNeg    + . .        b - +0 scale mail
rPois   inf          (no helmet)
rElec   +            (no cloak)
rCorr   .            i - +0 pair of gloves
SInv    .            (no boots)
Will    .....        (no amulet) Stlth
                     (no ring)
HPRegen 0.24/turn    (no ring)
MPRegen 0.09/turn

%: no passive effects
@: no status effects
A: sickness immunity, AC +3, negative energy resistance 1, electricity
resistance, torment resistance 1, petrification resistance
a: no special abilities


You were on level 3 of the Dungeon.
You visited 1 branch of the dungeon, and saw 3 of its levels.

You collected 122 gold pieces.


Innate Abilities, Weirdness & Mutations

You are immune to sickness and miasma.
Your stone body is resilient. (AC +3)
You are immune to poison.
You resist negative energy. (rN+)
You are resistant to electric shocks. (rElec)
You are resistant to unholy torment.
You are immune to petrification.


   Skills:
 - Level 3.2 Fighting
 + Level 4.1 Axes
 - Level 1.0 Throwing
 - Level 3.2 Armour
 - Level 3.2 Shields


You had 3 spell levels left.
You didn't know any spells.
Your spell library was empty.

Inventory:

Hand Weapons
 h - a +0 club
 Y - a +0 war axe (weapon)
Missiles
 k - 3 javelins (quivered)
Armour
 b - a +0 scale mail (worn)
 c - a +0 buckler (worn)
 i - a +0 pair of gloves (worn)
 m - a +0 chain mail
Scrolls
 a - 2 scrolls of teleportation
 n - a scroll of identify
Potions
 d - 3 potions of might
 e - a potion of lignification {unknown}
 f - a potion of enlightenment {unknown}
 g - 2 potions of mutation {unknown}
 j - a potion of haste {unknown}
 l - a potion of cancellation {unknown}
 p - a potion of curing {unknown}

Dungeon Overview and Level Annotations

Branches:
Dungeon (3/15)

Altars:


Message History

Enter note:
Enter note:
2571 ||| Stepping ~*~*~tactically~*~*~ (stealth).
You throw a javelin. The javelin pierces through the orc.
The orc is almost dead.
You hear a shout!
The orc barely misses you.
You barely miss the orc.
The orc is almost dead.
The orc closely misses you.
The orc priest calls down the wrath of Beogh upon you.
Beogh smites you!
You hit the orc.
You kill the orc!
You closely miss the orc priest. The orc priest barely misses you.
An orc comes into view. It is wielding a +0 short sword.
The orc priest hits you with a +0 mace.
You hit the orc priest.
The orc priest is heavily wounded.
The orc priest hits you with a +0 mace.
You closely miss the orc priest.
The orc priest is heavily wounded.
The orc blocks your attack. The orc hits you but does no damage.
You completely miss the orc. The orc hits you with a +0 short sword.
You barely miss the orc. The orc hits you but does no damage.
You closely miss the orc. The orc hits you but does no damage.
The orc priest looks braver for a moment.
The orc hits you but does no damage.
You closely miss the orc. The orc hits you but does no damage.
You barely miss the orc. You block the orc's attack.
The orc priest invokes the aid of Beogh against you.
Beogh smites you!
You die...

#..... ####.
#..... #..#.
#..... ..#. #.....
o.. #..... o.
#####. #. #.
#o####### #.
#oo@....# ##
#######.#### ###.
#..........# ##...
...........#
##....
###........#
##.....
#........###.....#
#........##.....##
##.......##....##
#.......#....##


You could see an orc priest and 2 orcs.

Vanquished Creatures
  A gnoll (D:1)
  3 adders
  2 dart slugs (D:1)
  An orc (D:3)
  6 ball pythons
  8 bats
  4 endoplasms
  3 giant cockroaches
  3 goblins
  8 hobgoblins
  3 jackals (D:1)
  2 frilled lizards (D:1)
  6 kobolds
  5 rats
55 creatures vanquished.

Notes
Turn   | Place    | Note
-------+----------+-------------------------------------------
     0 | D:1      | qw the Gargoyle Fighter began the quest for the Orb.
     0 | D:1      | Reached XP level 1. HP: 14/14 MP: 1/1
     0 | D:1      | 0 ||| qw: Version: 0.2-a-29-g511e9b1
     0 | D:1      | 0 ||| qw: Game counter: 5326
     0 | D:1      | 0 ||| qw: Always use a shield: true
     0 | D:1      | 0 ||| qw: God list: Okawaru
     0 | D:1      | 0 ||| qw: Allow faded altars: false
     0 | D:1      | 0 ||| qw: Do Orc after D:15 true
     0 | D:1      | 0 ||| qw: Do second Lair branch before Depths: true
     0 | D:1      | 0 ||| qw: Lair rune preference: random
     0 | D:1      | 0 ||| qw: Plans: Normal, Zot:1-4, Slime:5, God:TSO, Crypt,
                  | Tomb, Abyss, Pan, Hells, Win
     0 | D:1      | 0 ||| PLANNING D:1-11
    46 | D:1      | Reached skill level 2 in Axes
    63 | D:1      | Found a faded altar of an unknown god.
   161 | D:1      | Reached XP level 2. HP: 19/19 MP: 2/2
   224 | D:1      | 224 ||| Stepping ~*~*~tactically~*~*~ (stealth).
   343 | D:1      | 343 ||| Stepping ~*~*~tactically~*~*~ (water).
   471 | D:1      | 471 ||| Stepping ~*~*~tactically~*~*~ (hiding).
   480 | D:1      | Reached skill level 3 in Axes
   597 | D:1      | Reached XP level 3. HP: 23/23 MP: 3/3
   708 | D:1      | 708 ||| FLEEEEING.
   709 | D:1      | 709 ||| FLEEEEING.
   710 | D:1      | 710 ||| FLEEEEING.
   711 | D:1      | 711 ||| FLEEEEING.
   712 | D:1      | 712 ||| FLEEEEING.
   713 | D:1      | 713 ||| FLEEEEING.
   714 | D:1      | 714 ||| FLEEEEING.
   889 | D:1      | 889 ||| Stepping ~*~*~tactically~*~*~ (stealth).
  1200 | D:1      | 1200 ||| UPGRADING to +0 pair of gloves.
  1205 | D:1      | 1205 ||| READING 2 scrolls labelled SAWESU MOSEA.
  1209 | D:1      | 1209 ||| READING scroll labelled TYACAR KORU.
  1443 | D:2      | Reached XP level 4. HP: 28/28 MP: 4/4
  1601 | D:2      | 1601 ||| Stepping ~*~*~tactically~*~*~ (stealth).
  1997 | D:2      | 1997 ||| READING scroll labelled PISAIXZ CISKUE.
  1998 | D:2      | 1998 ||| READING scroll labelled SURIEC JAKHLAG.
  1999 | D:2      | 1999 ||| READING scroll labelled FIBANA ZUGODE.
  2028 | D:3      | Reached skill level 1 in Throwing
  2040 | D:3      | Reached skill level 4 in Axes
  2202 | D:3      | 2202 ||| Stepping ~*~*~tactically~*~*~ (hiding).
  2203 | D:3      | 2203 ||| Stepping ~*~*~tactically~*~*~ (hiding).
  2204 | D:3      | 2204 ||| Stepping ~*~*~tactically~*~*~ (hiding).
  2207 | D:3      | 2207 ||| Stepping ~*~*~tactically~*~*~ (hiding).
  2571 | D:3      | 2571 ||| Stepping ~*~*~tactically~*~*~ (stealth).
  2583 | D:3      | Killed from afar by an orc priest

Levels and vault maps discovered:
D:1:      lightli_arrival_farm, layout_basic, chequers_ecumenical_altar_island
D:2:      layout_basic
D:3:      layout_basic, nicolae_overflow_squiral, minivault_5, kennysheep_donut

Skill      XL: |  1  2  3  4 |
---------------+-------------+-----
Axes           | 2 3 4 |  4.1
Throwing       | 1 |  1.0
Fighting       | |  3.2
Armour         | |  3.2
Shields        | |  3.2

Action                     |  1- 3 |  4- 6 || total
---------------------------+-------+-------++-------
  Melee: War axe           |   117 |    45 ||   162
  Throw: Javelin           |       |    23 ||    23
    Use: Scroll            |     2 |     3 ||     5
 Armour: Scale mail        |    51 |    23 ||    74
  Dodge: Dodged            |    53 |    16 ||    69
  Block: Buckler           |    27 |     6 ||    33

Table legend:
 A = Non-vault XP
 B = Vault XP
 C = Vault XP percentage of total XP
 D = Non-vault monster count
 E = Vault monster count
 F = Vault count percentage of total count
                 A         B        C        D         E       F
            +---------+---------+-------+---------+---------+-------
      Total |     142 |       0 |   0.0 |      55 |       0 |   0.0
            +---------+---------+-------+---------+---------+-------
        D:1 |      65 |       0 |   0.0 |      30 |       0 |   0.0
        D:2 |      50 |       0 |   0.0 |      16 |       0 |   0.0
        D:3 |      27 |       0 |   0.0 |       9 |       0 |   0.0
            +---------+---------+-------+---------+---------+-------
